 Dungeon Crawl Stone Soup version 0.28-a0-631-g0446da8ef9 (webtiles) character file.

Game seed: 14523704536582313291

286 MacCMillion the Ducker (level 6, -3/45 HPs)
             Began as a Djinni Venom Mage on Oct 10, 2021.
             Was a Believer of Zin.
             Slain by a gnoll (4 damage)
             ... on level 4 of the Dungeon.
             The game lasted 00:20:37 (5125 turns).

MacCMillion the Ducker (Djinni Venom Mage)          Turns: 5125, Time: 00:20:38

Health: -3/45      AC:  2    Str:  7    XL:     6   Next: 56%
Gold:   109        EV: 13    Int: 18    God:    Zin [**....] SH:  0 Dex: 16

rFire   + + .      SeeInvis .   b - +1 dagger
rCold   x . .      Faith    .   (no shield)
rNeg    . . .      Spirit   .   a - +0 robe
rPois   ∞          Reflect  .   (helmet restricted)
rElec   .          Harm     .   (no cloak)
rCorr   .          Rampage  .   (no gloves)
Will    .....                   (boots unavailable)
Stlth   ++........              (no amulet)
HPRegen 0.15/turn               (no ring)
MPRegen 0.00/turn               (no ring)

@: on recite cooldown, flying
A: sickness immunity, fire resistance 2, cold vulnerability 1, float, innate
caster, hp casting, extra vitality 1, antennae 1, agile 1
a: Renounce Religion, Recite, Vitalisation, Donate Gold


You were on level 4 of the Dungeon.
You worshipped Zin.
Zin was pleased with you.
You visited 1 branch of the dungeon, and saw 4 of its levels.

You collected 121 gold pieces.
You donated 12 gold pieces to Zin.

Inventory:

Hand Weapons
 b - a +1 dagger (weapon)
Missiles
 k - 4 silver javelins
Armour
 a - a +0 robe (worn)
 m - a +0 helmet
Jewellery
 j - a ring of wizardry
 n - an amulet of faith
Scrolls
 e - a scroll of enchant weapon
 f - 3 scrolls of identify {unknown}
Potions
 d - a potion of mutation
 g - a potion of lignification {unknown}
 h - 2 potions of brilliance {unknown}
 i - a potion of might {unknown}
 l - a potion of haste {unknown}


   Skills:
 + Level 2.5 Fighting
 + Level 3.7 Dodging
 - Level 1.7 Stealth
 + Level 3.5 Spellcasting
 + Level 2.5 Invocations


You couldn't memorise any spells.
You knew the following spells:

 Your Spells              Type           Power      Damage    Failure   Level
a - Sting                 Tmut/Pois      64%        1d6       3%          1
b - Poisonous Vapours     Pois/Air       32%        N/A       5%          2
c - Mephitic Cloud        Conj/Pois/Air  16%        N/A       11%         3
d - Olgreb's Toxic Radia  Pois           16%        N/A       34%         4
e - Apportation           Tloc           32%        N/A       3%          1
f - Scorch                Fire           32%        2d6       5%          2
Your spell library was empty.

Dungeon Overview and Level Annotations

Branches:
Dungeon (4/15)             Temple (0/1) D:4

Altars:
Ashenzari
Elyvilon
Zin

Annotations:
D:4 Natasha, Robin


Innate Abilities, Weirdness & Mutations

You are immune to sickness and miasma.
You are immune to poison.
Your flesh is very heat resistant. (rF++)
You are vulnerable to cold. (rC-)
You float through the air rather than walking.
You learn spells naturally, not from books.
Your magical power is your life essence.
You have superior vitality. (+4 HP)
You have a pair of small antennae on your head.
You are agile. (Dex +2)


Message History

The quokka bites you but does no damage.
The gnoll hits you from afar with a +0 spear.
* * * LOW HITPOINT WARNING * * *
Your hobgoblin misses the water moccasin.
It was a potion of mutation.
You feel extremely strange.
You feel agile. A pair of antennae grows on your head!
Your +0 helmet falls away!
Zin forgives your inadvertent chaotic act, just this once. "...was displeased, for did the law not say that..."
The gnoll is smitten by the wrath of Zin.
The gnoll is almost dead.
The gnoll shouts!
You hear a shout!
The ball python closely misses your hobgoblin.
The ball python grabs your hobgoblin.
The ball python constricts your hobgoblin.
The quokka misses you.
The hobgoblin is lost in a daze.
The gnoll closely misses you.
Your hobgoblin hits the water moccasin but does no damage. "...those who did not become faithful would be condemned?"
You finish reciting Apostates 6:7.
The ball python bites your hobgoblin. Something bites your hobgoblin.
Your hobgoblin dies!
Your hobgoblin's corpse dissolves into shadows!
Aiming: Sting (safe; 3% risk of failure)
Press: ? - help, Q - select action, (/) - cycle Shift-Dir - straight line, f - quokka, p - water moccasin
Aim: a quokka (64% to hit)
The sting hits the quokka.
The quokka is poisoned.
The quokka is almost dead.
* * * LOW HITPOINT WARNING * * *
You kill the quokka!
You hear some strange, mumbled words.
Something tries to affect you, but you resist.
The hobgoblin is lost in a daze.
Natasha, Servant of Life and Death comes into view.
Unknown command.
A gnoll comes into view. It is wielding a +0 flail.
Natasha claws you but does no damage.
You hit the gnoll but do no damage. Natasha barely misses you.
The quokka misses you. The gnoll hits you with a +0 flail.
You die...

#.##........### ...
...o....r.#...# ... .
.####.#..###..###....
..###
#..##.###.)..#.###
...
#..S.{.S..#....###
...##o###.#..........
#.#.{SggWS....##....
#..hr##)g##.....##.#
#.g@###g.###..#.##..
#..### #....#).......
.... #.)#..........
.### #..#.##.......
#..#.# #..##..
#..#.###..# #
#.)......... #
.......###.#.#...
.....#.. .# .#.


You could see a water moccasin (poisoned), an orc priest, Natasha, 2 gnolls, a
quokka and a ball python.

Vanquished Creatures
  An ogre (D:3)
  A gnoll shaman (D:4)
  A hound (D:4)
  An orc priest (D:3)
  A gnoll (D:4)
  An adder (D:2)
  5 worms
  2 dart slugs (D:1)
  4 orcs (D:3)
  6 endoplasms
  4 giant cockroaches
  12 goblins
  A hobgoblin (D:2)
  2 quokkas
  3 ball pythons
  4 bats
  9 kobolds
  4 rats
62 creatures vanquished.

Vanquished Creatures (collateral kills)
  A gnoll (D:4)
1 creature vanquished.

Vanquished Creatures (others)
  A dart slug (D:4)
1 creature vanquished.

Grand Total: 64 creatures vanquished

Notes
Turn   | Place    | Note
-------+----------+-------------------------------------------
     0 | D:1      | MacCMillion the Djinni Venom Mage began the quest for the
                  | Orb.
     0 | D:1      | Reached XP level 1. HP: 15/15 MP: 0/0
   203 | D:1      | Reached XP level 2. HP: 18/21 MP: 0/0
   270 | D:1      | Found a faded altar of an unknown god.
   321 | D:1      | Became a worshipper of Zin the Law-Giver
   321 | D:1      | Reached * piety under Zin
   658 | D:1      | Reached XP level 3. HP: 25/26 MP: 0/0
   658 | D:1      | Learned a level 1 spell: Apportation
  1745 | D:2      | Reached skill level 1 in Invocations
  1919 | D:2      | Reached skill level 1 in Fighting
  1919 | D:2      | Reached XP level 4. HP: 25/32 MP: 0/0
  2849 | D:3      | Found a broken altar of Ashenzari.
  2865 | D:3      | Reached ** piety under Zin
  3335 | D:3      | Reached XP level 5. HP: 16/37 MP: 0/0
  3335 | D:3      | Learned a level 2 spell: Scorch
  3621 | D:3      | Found a white marble altar of Elyvilon.
  3653 | D:3      | Noticed an ogre
  3673 | D:3      | Killed an ogre
  4098 | D:3      | Reached XP level 6. HP: 42/43 MP: 0/0
  4576 | D:4      | Noticed Robin
  4712 | D:4      | Found a staircase to the Ecumenical Temple.
  5089 | D:4      | Noticed a water moccasin
  5119 | D:4      | HP: 1/45 [gnoll (6)]
  5120 | D:4      | Gained mutation: You are agile. (Dex +2) [potion of
                  | mutation]
  5120 | D:4      | Gained mutation: You have a pair of small antennae on your
                  | head. [potion of mutation]
  5122 | D:4      | Noticed Natasha
  5125 | D:4      | Slain by a gnoll

Illustrated notes

Levels and vault maps discovered:
D:1:      elethiomel_arrival_fortress_basement, layout_basic,
          dreamdust_ecumenical_altar_grove
D:2:      layout_loops_corners, minmay_goblin_outpost
D:3:      layout_loops_ring, old_standard_altar, ashenzari_altar_1,
          minmay_fractal_squares_diagonal_5
D:4:      layout_rooms, minmay_temple_entry_purple_smoke, minmay_ruined_shrine,
          uniq_robin, uniq_natasha

Skill      XL: |  1  2  3  4  5 |
---------------+----------------+-----
Invocations    | 1 2 |  2.5
Fighting       | 1 2 |  2.5
Spellcasting   | 3 |  3.5
Dodging        | 3 |  3.7
Stealth        | |  1.7

Action                   |  1- 3 |  4- 6 || total
-------------------------+-------+-------++-------
Melee: Dagger            |     9 |    28 ||    37
 Cast: Sting             |    43 |    52 ||    95
       Poisonous Vapours |    15 |    43 ||    58
       Scorch            |       |     1 ||     1
Invok: Recite            |       |     2 ||     2
  Use: Scroll            |       |     2 ||     2
       Potion            |       |     1 ||     1
Armor: Robe              |     4 |    10 ||    14
Dodge: Dodged            |    14 |    65 ||    79

Table legend: (Time is in decaauts)
 A = Elapsed time spent in this place.
 B = Non-inter-level travel time spent in this place.
 C = Inter-level travel time spent in this place.
 D = Time resting spent in this place.
 E = Time spent auto-exploring this place.
 F = Levels seen in this place.
 G = Mean time per level.
                   A        B        C        D        E       F      G
               +--------+--------+--------+--------+--------+-----+--------+
         Total |   5132 |   4906 |    226 |   1390 |   2738 |   4 | 1283.0 |
       Dungeon |   5132 |   4906 |    226 |   1390 |   2738 |   4 | 1283.0 |
               +--------+--------+--------+--------+--------+-----+--------+

Top non-repeatable levels by time:
     D:3: 2114 daAuts
     D:2: 1612 daAuts
     D:1: 1244 daAuts
     D:4: 161 daAuts
